 Dungeon Crawl Stone Soup version 0.26.0-18-gc5c842f807 (webtiles) character file.

Game seed: 3486781484817803592

1339 thiole the Covert (level 8, -8/46 HPs)
             Began as an Octopode Hedge Wizard on Jan 24, 2021.
             Mangled by an ice beast (14 damage)
             ... on level 6 of the Dungeon.
             The game lasted 00:26:17 (8866 turns).

thiole the Covert (Octopode Hedge Wizard)           Turns: 8866, Time: 00:26:18

Health: -8/46      AC:  2    Str: 10    XL:     8   Next: 61%
Magic:  14/17      EV: 13    Int: 18    God:
Gold:   310        SH:  0    Dex: 11    Spells: 11/19 levels left

rFire    . . .     SeeInvis .   h - +0 spear (vamp)
rCold    . . .     Faith    .   (no shield)
rNeg     . . .     Spirit   .   b - +1 hat
rPois    .         Reflect  .   (no amulet)
rElec    .         Harm     .   (no ring)
rCorr    .         Rampage  .   (no ring)
Will     .....                  (no ring)
Stlth    +++++.....             (no ring)
HPRegen  0.15/turn              (no ring)
MPRegen  0.15/turn              (no ring)
                                (no ring)
                                (no ring)

@: no status effects
A: almost no armour, stealthy swim, amphibious, 8 rings, constrict 8, camouflage
1, gelatinous body 1
a: no special abilities


You were on level 6 of the Dungeon.
You visited 2 branches of the dungeon, and saw 8 of its levels.
You also visited: Sewer and Ossuary.

You collected 310 gold pieces.

Inventory:

Hand Weapons
 a - a +0 dagger
 h - a +0 vampiric spear (weapon)
Missiles
 e - 188 stones
Armour
 b - a +1 hat (worn)
Wands
 o - a wand of polymorph (5)
 s - a wand of digging (7)
 y - a wand of random effects (17)
Scrolls
 c - 6 scrolls of identify
 d - 2 scrolls of remove curse
 g - a scroll of teleportation
 i - 2 scrolls of fog {unknown}
 m - 2 scrolls of magic mapping {unknown}
 q - 2 scrolls of enchant weapon {unknown}
 t - a scroll of vulnerability {unknown}
 w - a scroll of blinking {unknown}
 z - a scroll of random uselessness {unknown}
Potions
 f - 7 potions of lignification
 j - a potion of magic
 k - a potion of attraction
 l - 3 potions of curing
 n - a potion of cancellation {unknown}
 p - 7 potions of heal wounds {unknown}
 r - 2 potions of degeneration {unknown}
 u - 2 potions of brilliance {unknown}
 v - a potion of might {unknown}
 x - a potion of flight {unknown}


   Skills:
 - Level 2.0 Dodging
 + Level 8.7 Stealth
 + Level 6.0 Spellcasting
 - Level 4.0 Conjurations
 - Level 2.0 Summonings
 - Level 1.0 Translocations
 - Level 4.0 Air Magic


You had 11 spell levels left.
You knew the following spells:

 Your Spells              Type           Power        Failure   Level
a - Magic Dart            Conj           76%          2%          1
b - Call Imp              Summ           12%          8%          2
c - Blink                 Tloc           N/A          12%         2
d - Mephitic Cloud        Conj/Pois/Air  15%          12%         3

Your spell library contained the following spells:

 Spells                   Type           Power        Failure   Level
 Conjure Flame            Conj/Fire      12%          16%         3
 Slow                     Hex            5%           19%         2


Dungeon Overview and Level Annotations

Branches:
Dungeon (7/15)             Temple (1/1) D:4           Sewer (visited)
Ossuary (visited)

Altars:
Cheibriados
Dithmenos
Elyvilon
Fedhas
Kikubaaqudgha
Makhleb
Nemelex Xobeh
Okawaru
Qazlal
Ru
Trog
Xom
Yredelemnul
The Shining One

Shops:
D:4 :   D:6 !}!}

Annotations:
D:6 Maggie


Innate Abilities, Weirdness & Mutations

You cannot wear most types of armour.
You are very stealthy in the water. (Stealth+)
You are amphibious.
You can wear up to eight rings at the same time.
You can use your tentacles to constrict eight enemies at once.
Your skin changes colour to match your surroundings (Stealth+).
Your rubbery body absorbs attacks. (AC +1, EV +1)


Message History

* * * LOW HITPOINT WARNING * * *
Your white imp barely misses the ice beast.
Your white imp hits the ice beast but does no damage.
Your crimson imp hits the ice beast but does no damage.
Your crimson imp blinks!
You feel better. The ice beast hits you. The ice beast freezes you!
* * * LOW HITPOINT WARNING * * *
You swap places.
The ice beast hits your crimson imp. The ice beast freezes your crimson imp!
Your crimson imp is frozen!
Your crimson imp dies!
Your white imp disappears in a puff of smoke!
There is a sacrificial altar of Ru here.
Aiming: Polymorph
Press: ? - help, Shift-Dir - straight line, f/p - ice beast
Aim: an ice beast (moderately wounded, will become a rime drake, an acid dragon, or a tengu, chance to affect: 46%)
The ice beast resists with some effort.
The ice beast hits you.
* * * LOW HITPOINT WARNING * * *
The ice beast freezes you!
You die...

#.#.###..............
#.#..###.....#.......
#.....######.........
##.∩.#..# ###.......
#.......# #....... #..#....#
##...... #.......## ##.....
####.....## ###... ##@##..###
#.## ######Y.##...## #.##
#...)....###..######.##
#........###..#...[....
#.............#.####.##
#.......#..#..#.#......
#.......##.#..#.#.##.##
################....#.#.#...#
#.........# ##........._..


You could see an ice beast.

Vanquished Creatures
  Prince Ribbit (D:6)
  A necrophage (D:6)
  An ice beast (D:5)
  A centaur (D:5)
  An elf zombie (Ossuary)
  A big kobold (Sewer)
  A water moccasin zombie (D:6)
  A hound (D:6)
  2 human zombies (Ossuary)
  Natasha (D:2)
  A worker ant (D:5)
  A big kobold zombie (Ossuary)
  A hound skeleton (D:4)
  A mummy (Ossuary)
  A worker ant zombie (D:6)
  A gnoll (D:6)
  5 adders
  2 shadow imps (D:5)
  An adder zombie (Ossuary)
  8 worms
  2 dart slugs
  3 orcs
  2 ball pythons
  3 giant cockroaches
  9 goblins
  5 hobgoblins
  10 jackals
  20 kobolds
  3 quokkas
  3 bats
  5 frilled lizards
  A goblin zombie (Ossuary)
  7 hobgoblin zombies (Ossuary)
  2 jackal zombies (Ossuary)
  5 kobold zombies (Ossuary)
  A leopard gecko skeleton (D:5)
  6 orc zombies (Ossuary)
  2 quokka skeletons
  8 rats
  2 rat zombies (Ossuary)
132 creatures vanquished.

Vanquished Creatures (collateral kills)
  2 bullfrogs (D:6)
  A water moccasin skeleton (D:4)
  2 scorpions (D:4)
  A howler monkey (D:5)
  A hound (D:5)
  A jelly (D:6)
  2 iguanas (D:4)
  4 worker ants
  Natasha (twice) (D:2)
  A mummy (Ossuary)
  5 gnolls
  An adder (D:2)
  An adder skeleton (D:6)
  2 worms (D:4)
  A leopard gecko (D:6)
  A giant cockroach (D:4)
  3 jackals
  A quokka (D:6)
  A frilled lizard (D:3)
  3 hobgoblin zombies (Ossuary)
  3 kobold zombies (Ossuary)
  2 orc zombies (Ossuary)
41 creatures vanquished.

Grand Total: 173 creatures vanquished

Notes
Turn   | Place    | Note
-------+----------+-------------------------------------------
     0 | D:1      | thiole the Octopode Hedge Wizard began the quest for the
                  | Orb.
     0 | D:1      | Reached XP level 1. HP: 11/11 MP: 4/4
   303 | D:1      | Reached XP level 2. HP: 17/17 MP: 4/6
   505 | D:1      | Reached skill level 3 in Stealth
   694 | D:1      | Learned a level 2 spell: Call Imp
   697 | D:1      | Learned a level 2 spell: Blink
  1035 | D:2      | Reached XP level 3. HP: 16/21 MP: 0/7
  1470 | D:2      | Noticed Natasha
  1479 | D:2      | Killed Natasha
  1480 | D:2      | Reached XP level 4. HP: 9/27 MP: 5/8
  2227 | D:3      | Found an ancient bone altar of Kikubaaqudgha.
  2229 | D:3      | Found a blossoming altar of Fedhas.
  2392 | D:3      | Found a snail-covered altar of Cheibriados.
  2737 | D:3      | Found a faded altar of an unknown god.
  2807 | D:3      | Reached skill level 4 in Stealth
  2807 | D:3      | Reached XP level 5. HP: 23/31 MP: 6/10
  2990 | D:3      | Learned a level 3 spell: Mephitic Cloud
  3304 | D:2      | Noticed Natasha
  3315 | D:2      | Killed Natasha
  3476 | D:2      | Noticed Natasha
  3486 | D:2      | Killed Natasha
  3720 | D:4      | Reached skill level 1 in Air Magic
  3808 | D:4      | Found Epnad's Book Emporium.
  4020 | D:4      | Reached XP level 6. HP: 36/36 MP: 4/11
  4272 | D:4      | Found a staircase to the Ecumenical Temple.
  4286 | Temple   | Entered the Ecumenical Temple
  5426 | D:5      | Entered Level 5 of the Dungeon
  5532 | D:5      | Found a sand-covered staircase.
  5536 | Ossuary  | Entered an ossuary
  5637 | Ossuary  | Reached skill level 5 in Stealth
  5872 | Ossuary  | Reached XP level 7. HP: 35/41 MP: 13/13
  6266 | D:5      | Found a glowing golden altar of the Shining One.
  6653 | D:5      | Reached skill level 6 in Stealth
  7294 | D:6      | Found a sacrificial altar of Ru.
  7421 | D:6      | Noticed Prince Ribbit
  7428 | D:6      | Killed Prince Ribbit
  7429 | D:6      | Reached skill level 7 in Stealth
  7429 | D:6      | Reached skill level 5 in Spellcasting
  7429 | D:6      | Reached XP level 8. HP: 27/46 MP: 14/16
  7449 | D:6      | Found Funaek's Gadget Boutique.
  7449 | D:6      | Found Kiorap's Distillery.
  7488 | D:6      | Found Waly's Gadget Boutique.
  7492 | D:6      | You fall into a shaft and drop 1 floor!
  7615 | D:6      | Found Xahef's Distillery.
  7629 | D:6      | HP: 2/46 [water moccasin zombie (8)]
  7816 | D:6      | Noticed Maggie
  7869 | D:6      | Found a glowing drain.
  7873 | Sewer    | Entered a sewer
  7916 | Sewer    | Reached skill level 8 in Stealth
  8866 | D:6      | Mangled by an ice beast

Illustrated notes

Levels and vault maps discovered:
D:1:      dpeg_arrival_ternary, layout_basic
D:2:      layout_basic, uniq_natasha
D:3:      layout_rooms, grunt_temple_overflow_growth_and_decay,
          cheibriados_altar_1, chequers_ecumenical_altar_island
D:4:      layout_basic, minmay_temple_entry_arrows, serial_shops, shop
D:5:      layout_cave_pods, old_standard_altar, enter_ossuary_5
D:6:      layout_rooms, nicolae_ru_sacrificial_ziggurat, serial_shops,
          shop_statue, nicolae_shop_stone, nicolae_shop_statue_plus,
          shop_fountains, cheibrodos_sewer_entry_bend, uniq_maggie,
          uniq_prince_ribbit1
D:7:      layout_loops_cross, vehumet_crystals, tgw_sif,
          nicolae_overflow_hidden_temple, roderic_nine_men_s_morris,
          kennysheep_generic_room_12
Temple:   jpeg_temple_island

Skill      XL: |  1  2  3  4  5  6  7  8 |
---------------+-------------------------+-----
Stealth        | 3 4 5 7 8 |  8.7
Conjurations   | 2 3 4 |  4.0
Summonings     | 2 |  2.0
Air Magic      | 1 3 4 |  4.0
Spellcasting   | 4 5 6 |  6.0
Dodging        | |  2.0
Translocations | |  1.0

Action                   |  1- 3 |  4- 6 |  7- 9 || total
-------------------------+-------+-------+-------++-------
Melee: Dagger            |    11 |       |       ||    11
       Constrict         |     6 |    32 |    17 ||    55
       Tentacles         |     2 |    19 |    12 ||    33
       Spear             |     9 |   146 |   135 ||   290
 Cast: Magic Dart        |    36 |    74 |    57 ||   167
       Call Imp          |     7 |    48 |    50 ||   105
       Mephitic Cloud    |       |       |     2 ||     2
       Blink             |       |       |     1 ||     1
Evoke: Wand              |       |       |     6 ||     6
  Use: Scroll            |       |     8 |     5 ||    13
       Potion            |       |       |     2 ||     2
 Stab: Distracted        |       |     6 |     2 ||     8
       Sleeping          |       |     8 |     1 ||     9
       Confused          |       |       |     2 ||     2
Armor: Skin              |       |     9 |    14 ||    23
Dodge: Dodged            |    20 |    51 |    70 ||   141
